 Dungeon Sprint DCSS version 0.26.1-10-gdfb7c7de75 (webtiles) character file.

Game seed: 211643843849546390

1000000 phalm the Spawn of Chaos (level 13, -37/136 HPs)
             Began as a Deep Dwarf Abyssal Knight on Apr 8, 2021.
             Was an Initiate of Makhleb.
             Annihilated by a meat berserker
             ... wielding a +9 battleaxe
              (51 damage)
             ... in the Dungeon (Sprint VIII: "Arena of Blood").
             The game lasted 00:00:31 (10 turns).

phalm the Spawn of Chaos (Deep Dwarf Abyssal Knight)  Turns: 10, Time: 00:00:32

Health: -37/136    AC:  5    Str: 15    XL:     13   Next: 0%
Magic:  2/26       EV: 24    Int: 15    God:    Makhleb [......]
Gold:   0          SH:  0    Dex: 16    Spells: 12/12 levels left

rFire    . . .     SeeInvis .   i - +∞ Axe of Woe
rCold    . . .     Faith    .   (shield currently unavailable)
rNeg     . . .     Spirit   .   b - +0 leather armour
rPois    .         Reflect  .   (no helmet)
rElec    .         Harm     .   (no cloak)
rCorr    .         Rampage  .   (no gloves)
Will     +....     NoTele   +   (no boots)
Stlth    +.........             (no amulet)
HPRegen  0.00/turn              j - +30 ring of slaying
MPRegen  0.20/turn              (no ring)

@: non-regenerating
A: damage resistance, heal wounds, sense surroundings 2, no regeneration
a: Heal Wounds, Renounce Religion


You were in the Dungeon.
You worshipped Makhleb.
Makhleb was noncommittal.
You visited 1 branch

Inventory:

Hand Weapons
 a - a +1 hand axe
 i - the +∞ Axe of Woe (weapon)
   (You found it in the Dungeon)
Armour
 b - a +0 leather armour (worn)
Jewellery
 j - a +30 ring of slaying (left hand)
Scrolls
 h - a scroll of blinking
Potions
 c - a potion of curing
 d - a potion of heal wounds
 e - a potion of haste
 f - 2 potions of magic
 g - a potion of berserk rage


   Skills:
 + Level 14.3 Fighting
 + Level 16.5 Axes
 + Level 16.4 Armour
 + Level 16.4 Dodging
 + Level 19.0 Invocations


You had 12 spell levels left.
You didn't know any spells.
Your spell library was empty.

Dungeon Overview and Level Annotations

Branches:
Dungeon (1/1)

Altars:
Makhleb


Innate Abilities, Weirdness & Mutations

You are resistant to damage.
You can heal yourself by infusing magical energy.
You passively map the area around you.
You do not regenerate.


Message History

Press < or > to pray at altars.
A meat berserker comes into view. It is wielding a +9 battleaxe.
The meat berserker shouts!
You hear a shout! x6
Things that are here:
a +9 battleaxe; a +30 ring of slaying; a meat berserker corpse
j - a +30 ring of slaying (left hand)
The meat berserker appears out of thin air!
A meat berserker comes into view. It is wielding a +9 battleaxe.
The meat berserker shouts!
You hear a shout! x3
You hear a shout! x5
A bag of meat comes into view. It is wielding a +9 war axe.
You hear a shout!
A meat berserker comes into view. It is wielding a +9 battleaxe.
The bag of meat appears out of thin air!
A bag of meat comes into view. It is wielding a +9 war axe.
The bag of meat shouts!
You hear a shout! x2
The meat berserker hits you with a +9 battleaxe!
* * * LOW HITPOINT WARNING * * *
The meat berserker hits you with a +9 battleaxe!!!
You die...

, , * , , ,, ,,
* .o ,.. ,, , *,
, .. , .o, , , ,
, , #. ,, .# ,
,, , , , #.. ,
..#, , , , , ,
.###.., ..###. ,
,, , ,
......###......
, , *
......._O....O.,
, , ,*
,....#.O@..#....
* * ,, .
,#_.<._# ,o , *
, , #.....# , ,
* , , , *
....._..... , ,
,......###......
,,* , , ,.###..
, ..###. ,, #..
,,..# , , , ,
,#.. ..# ,, , ,
.. ,, .. , ,


You could see 3 meat berserkers and 2 bags of meat.

Vanquished Creatures
  An ogre (D)
1 creature vanquished.

Notes
Turn   | Place    | Note
-------+----------+-------------------------------------------
     0 | D        | Found the +∞ Axe of Woe
     0 | D        | phalm the Deep Dwarf Abyssal Knight began the quest for the
                  | Orb.
     0 | D        | Reached XP level 1. HP: 20/20 MP: 2/2
     2 | D        | Noticed a meat berserker
     2 | D        | Noticed a bag of meat
     4 | D        | Fell from the grace of Lugonu
     4 | D        | Became a worshipper of Makhleb the Destroyer
     6 | D        | Killed a meat berserker
     6 | D        | Noticed a bag of meat
     7 | D        | Reached skill level 19 in Invocations
     7 | D        | Reached XP level 2. HP: 10/51 MP: 2/12
     7 | D        | Reached XP level 3. HP: 11/58 MP: 2/14
     7 | D        | Reached XP level 4. HP: 13/67 MP: 2/15
     7 | D        | Reached XP level 5. HP: 14/74 MP: 2/17
     7 | D        | Reached XP level 6. HP: 16/82 MP: 2/18
     7 | D        | Reached XP level 7. HP: 18/90 MP: 2/20
     7 | D        | Reached XP level 8. HP: 19/98 MP: 2/21
     7 | D        | Gained mutation: You passively map the area around you.
                  | [Deep Dwarf growth]
     7 | D        | Reached XP level 9. HP: 21/105 MP: 2/22
     7 | D        | Reached XP level 10. HP: 22/114 MP: 2/23
     7 | D        | Reached XP level 11. HP: 24/121 MP: 2/24
     7 | D        | Reached XP level 12. HP: 25/129 MP: 2/25
     7 | D        | Reached XP level 13. HP: 27/136 MP: 2/26
     7 | D        | Noticed a meat berserker
     8 | D        | Noticed a meat berserker
     9 | D        | Noticed a bag of meat
     9 | D        | Noticed a meat berserker
    10 | D        | Noticed a bag of meat
    10 | D        | Annihilated by a meat berserker

Illustrated notes

Levels and vault maps discovered:
D:        meatsprint

Skill      XL: |  1 |
---------------+----+-----
Fighting       | 14 | 14.3
Axes           | 16 | 16.5
Armour         | 16 | 16.4
Dodging        | 16 | 16.4
Invocations    | 19 | 19.0

Action                   |  1- 3 |  4- 6 |  7- 9 | 10-12 | 13-15 || total
-------------------------+-------+-------+-------+-------+-------++-------
Melee: Executioner's axe |     1 |       |       |       |       ||     1
